 Dungeon Crawl Stone Soup version 0.29.0-13-gc9e81de378 (webtiles) character file.

Game seed: 17395475542079358595

14 hawthorn the Magician (level 2, -6/16 HPs)
             Began as a Deep Elf Transmuter on Sept 6, 2022.
             Killed by an exploding goblin (22 damage)
             ... ignited by their inner flame
             ... on level 1 of the Dungeon on Sept 9, 2022.
             The game lasted 00:01:22 (483 turns).

hawthorn the Magician (Deep Elf Transmuter)          Turns: 483, Time: 00:01:23

Health: -6/16      AC:  2    Str:  7    XL:     2   Next: 27%
Magic:  16/17      EV: 13    Int: 17    God:
Gold:   66         SH:  0    Dex: 15    Spells: 6/7 levels left

rFire   . . .      SeeInvis .     - Unarmed
rCold   . . .      Faith    .   (no shield)
rNeg    . . .      Spirit   .   a - +0 robe
rPois   .          Reflect  .   (helmet currently unavailable)
rElec   .          Harm     .   (no cloak)
rCorr   .          Rampage  .   (no gloves)
Will    .....                   (boots currently unavailable)
Stlth   +.........              (no amulet)
HPRegen 0.05/turn               e - ring of magical power
MPRegen 0.15/turn               (no ring)

@: appendages
A: horns 2, talons 2
a: End Transformation


You were on level 1 of the Dungeon.
You had temporarily grown beastly horns and talons.
You visited 1 branch of the dungeon, and saw 1 of its levels.

You collected 66 gold pieces.

Inventory:

Armour
 a - a +0 robe (worn)
Jewellery
 e - a ring of magical power (left hand)
Scrolls
 d - a scroll of identify {unknown}
 f - a scroll of noise {unknown}
 g - a scroll of immolation
Potions
 b - a potion of lignification
 c - a potion of degeneration {unknown}


   Skills:
 + Level 0.7 Fighting
 + Level 2.8 Dodging
 + Level 0.1 Stealth
 + Level 2.7 Unarmed Combat
 + Level 3.2 Spellcasting
 + Level 2.2 Transmutations


You had 6 spell levels left.
You knew the following spells:

 Your Spells              Type           Power      Damage    Failure   Level
a - Beastly Appendage     Tmut           20%        N/A       7%          1

Your spell library contained the following spells:

 Spells                   Type           Power      Damage    Failure   Level
 Wereblood                Tmut           10%        N/A       10%         2
 Spider Form              Tmut/Pois      6%         N/A       32%         3
 Ice Form                 Ice/Tmut       6%         N/A       71%         4


Dungeon Overview and Level Annotations

Branches:
Dungeon (1/15)

Altars:


Innate Abilities, Weirdness & Mutations

You have temporarily grown beastly horns and talons.


Message History

You hit the ball python. You claw the ball python.
You kill the ball python!
A frilled lizard comes into view.
You see here a ball python corpse.
A frilled lizard is nearby!
You extend your transformation's duration.
A rat comes into view.
Found a chain mail.
The frilled lizard barely misses you.
You barely miss the frilled lizard. The frilled lizard misses you.
You hit the frilled lizard.
You kill the frilled lizard!
You closely miss the rat. Your kick misses the rat. The rat bites you.
You hit the rat. You claw the rat, but do no damage.
The rat is heavily wounded.
The rat completely misses you.
You hit the rat.
You kill the rat!
You see here a frilled lizard corpse.
Found 14 gold pieces.
You see here a +0 chain mail.
Your transformation is almost over.
Your horns disappear.
Your talons disappear.
You now have 66 gold pieces (gained 14).
A goblin and an endoplasm come into view.
The goblin shouts!
You see here 2 scrolls labelled UWI QAREEBEFRI.
g - 2 scrolls labelled UWI QAREEBEFRI
As you read the scroll labelled UWI QAREEBEFRI, it crumbles to dust.
The creatures around you are filled with an inner flame!
It was a scroll of immolation.
You barely miss the goblin.
You grow a pair of large bovine horns.
Your feet morph into talons.
The goblin barely misses you.
You hit the goblin.
Flame seeps out of the goblin.
Your kick misses the goblin.
The goblin is severely wounded.
The goblin is engulfed in blazing flames.
The goblin explodes!
The fiery explosion engulfs you!!
Ouch! That really hurt!
You die...

#### ### #### ..# ... ....
#.# #.# #...
#.#####.######.# #.# #..#
........§○@....###.#####...
#.#####J########.....[...#.
#......................†...
#.......#########..#####.##
# #.######. #.## #†## # .#
.# #.# #)## ### ###.### .#
#.# #.## ... ...... J. #.#
#.## #.# #...# .. #.# #...


You could see an endoplasm.

Vanquished Creatures
  4 bats (D:1)
  An endoplasm (D:1)
  4 ball pythons (D:1)
  2 frilled lizards (D:1)
  A goblin (D:1)
  A kobold (D:1)
  3 rats (D:1)
16 creatures vanquished.

Notes
Turn   | Place    | Note
-------+----------+-------------------------------------------
     0 | D:1      | hawthorn the Deep Elf Transmuter began the quest for the
                  | Orb.
     0 | D:1      | Reached XP level 1. HP: 11/11 MP: 6/6
    95 | D:1      | Found a faded altar of an unknown god.
   278 | D:1      | Reached XP level 2. HP: 11/16 MP: 8/8
   278 | D:1      | Upgraded the game from 0.29.0-11-gd7f09526c8 to
                  | 0.29.0-13-gc9e81de378
   483 | D:1      | Killed by an exploding goblin... ignited by their inner
                  | flame

Illustrated notes

Levels and vault maps discovered:
D:1:      dpeg_arrival_windows_large_door, layout_loops_ring,
          ebering_ecumenical_altar_petrified, minmay_lizard_king

Action                   || total
-------------------------++-------
Melee: Unarmed           ||    45
       Headbutt          ||     4
       Kick              ||     3
 Cast: Beastly Appendage ||    10
  Use: Scroll            ||     1
 Stab: Sleeping          ||     1
Armor: Robe              ||    14
Dodge: Dodged            ||    46
